 Dungeon Crawl Stone Soup version 0.28.0 (webtiles) character file.

Game seed: 7440071425377222628

2304 funkygono the Arsonist (level 9, -1/45 HPs)
             Began as a Gargoyle Fire Elementalist on Feb 17, 2022.
             Was an Initiate of Vehumet.
             Slain by a wight (9 damage)
             ... on level 7 of the Dungeon on Feb 18, 2022.
             The game lasted 00:11:19 (7788 turns).

funkygono the Arsonist (Gargoyle Fire Elementalist) Turns: 7788, Time: 00:11:19

Health: -1/45      AC: 13    Str: 13    XL:     9   Next: 40%
Magic:  6/20       EV: 12    Int: 19    God:    Vehumet [......]
Gold:   269        SH:  0    Dex: 10    Spells: 13/23 levels left

rFire   . . .      SeeInvis .   r - +8 flail (protect)
rCold   . . .      Faith    .   (no shield)
rNeg    + . .      Spirit   .   a - +0 robe
rPois   ∞          Reflect  .   m - +0 helmet
rElec   +          Harm     .   (no cloak)
rCorr   +          Rampage  .   i - +1 pair of gloves
Will    .....                   b - +1 pair of boots
Stlth   ++........              (no amulet)
HPRegen 0.15/turn               f - ring of resist corrosion
MPRegen 0.17/turn               (no ring)

@: no status effects
A: sickness immunity, AC +6, negative energy resistance 1, electricity
resistance, torment resistance 1, petrification resistance
a: Renounce Religion


You were on level 7 of the Dungeon.
You worshipped Vehumet.
Vehumet was noncommittal.
You visited 2 branches of the dungeon, and saw 8 of its levels.

You collected 269 gold pieces.

Inventory:

Hand Weapons
 r - a +8 flail of protection (weapon)
 s - a +0 flail of protection
Missiles
 g - 155 stones
Armour
 a - a +0 robe (worn)
 b - a +1 pair of boots (worn)
 i - a +1 pair of gloves (worn)
 m - a +0 helmet (worn)
Jewellery
 f - a ring of resist corrosion (left hand)
 w - a ring of protection from cold
Wands
 n - a wand of charming (3)
 t - a wand of polymorph (14)
Scrolls
 h - a scroll of vulnerability
 k - a scroll of identify
Potions
 c - a potion of curing
 d - a potion of lignification
 e - a potion of resistance
 j - a potion of brilliance
 l - a potion of might
 p - a potion of attraction {unknown}
 q - a potion of cancellation {unknown}
 u - a potion of ambrosia {unknown}


   Skills:
 + Level 1.7 Dodging
 - Level 2.1 Stealth
 * Level 7.5 Spellcasting
 * Level 6.0 Conjurations
 * Level 8.1 Fire Magic


You had 13 spell levels left.
You knew the following spells:

 Your Spells              Type           Power      Damage    Failure   Level
a - Foxfire               Conj/Fire      100%       2x1d9     1%          1
b - Scorch                Fire           76%        2d9       1%          2
c - Conjure Flame         Conj/Fire      34%        6-21      1%          3
d - Flame Wave            Conj/Fire      34%        2d8       5%          4

Your spell library contained the following spells:

 Spells                   Type           Power      Damage    Failure   Level
 Inner Flame              Hex/Fire       22%        N/A       5%          3
 Freezing Cloud           Conj/Ice/Air   7%         6-21      75%         5
 Simulacrum               Ice/Necr       3%         N/A       100%        6
 Polar Vortex             Ice            3%         N/A       100%        9


Dungeon Overview and Level Annotations

Branches:
Dungeon (7/15)             Temple (1/1) D:7

Altars:
Ashenzari
Cheibriados
Dithmenos
Elyvilon
Fedhas
Gozag
Hepliaklqana
Kikubaaqudgha
Makhleb
Nemelex Xobeh
Okawaru
Qazlal
Ru
Sif Muna
Trog
Uskayaw
Vehumet
Wu Jian
Xom
Yredelemnul
Zin
The Shining One

Shops:
D:4 ?   D:6 :


Innate Abilities, Weirdness & Mutations

You are immune to sickness and miasma.
Your stone body is resilient. (AC +6)
You are immune to poison.
You resist negative energy. (rN+)
You are resistant to electric shocks. (rElec)
You are resistant to unholy torment.
You are immune to petrification.


Message History

The foxfire hits something!
Something hits you.
You hear some strange, mumbled words.
A magic dart appears from out of thin air!
The magic dart hits you. The wight hits you but does no damage.
Casting: Foxfire (safe; 1% risk of failure)
Confirm with . or Enter, or press ? or * to list all spells.
Flames lash the wight.
The wight is lightly damaged.
The wight's fire resistance burns away.
The foxfire hits something. x2
Something hits you but does no damage. x2; The wight closely misses you.
Unknown command.
Casting: Scorch (safe; 1% risk of failure)
Confirm with . or Enter, or press ? or * to list all spells.
You conjure some foxfire!
Something hits you but does no damage. x2
The wight hits you but does no damage.
Casting: Foxfire (safe; 1% risk of failure)
Confirm with . or Enter, or press ? or * to list all spells.
Okay, then.
Casting: Foxfire (safe; 1% risk of failure)
Confirm with . or Enter, or press ? or * to list all spells.
You conjure some foxfire!
The foxfire hits the wight.
The wight is burned terribly!
The wight is moderately damaged.
The foxfire hits something.
Vehumet accepts your kill.
Reactivating autopickup.
You feel a bit more experienced. Something hits you but does no damage.
Deactivating autopickup; reactivate with Ctrl-A.
The wight hits you from afar with a +5 spear!
* * * LOW HITPOINT WARNING * * *
Casting: Foxfire (safe; 1% risk of failure)
Confirm with . or Enter, or press ? or * to list all spells.
You conjure some foxfire!
The wight is no longer more vulnerable to fire.
The foxfire hits something. x2
You hear some strange, mumbled words.
A magic dart appears from out of thin air!
The magic dart hits you but does no damage.
The wight hits you from afar with a +5 spear!
You die...

#......# #.#.(# #.#.#...
#......####.######.#...##
#......#........##.##..#
#......#....###.##.##..#
#......#....###.##.# #.##
#......#...........###...
.#########'#####.............
...........v.§...<.....####..
........).z{@#########.# #..
...........v.# #.# #..
....)..).....# #.. +..
.....######### ...# #.. ####
...# #.. ...# ###


You could see a wight (ally target).

Vanquished Creatures
  Prince Ribbit (D:5)
  2 vampire mosquitoes (D:7)
  2 water moccasins
  An orc warrior (D:7)
  An ice beast (D:5)
  2 necrophages
  2 ogres
  A centaur (D:6)
  A phantom (D:5)
  Blork the orc (D:6)
  A bullfrog (D:7)
  2 scorpions (D:5)
  3 wights (D:7)
  A howler monkey (D:6)
  2 hounds (D:4)
  A bullfrog skeleton (D:5)
  A jelly (D:5)
  A centaur skeleton (D:5)
  An orc priest (D:6)
  3 iguanas
  An orc wizard (D:7)
  Terence (D:3)
  3 hound zombies (D:5)
  8 adders
  3 gnolls (D:3)
  2 white imps
  An ufetubus (D:6)
  An adder skeleton (D:4)
  2 worms
  A dart slug (D:3)
  14 orcs
  8 ball pythons
  6 endoplasms
  5 giant cockroaches
  8 goblins
  6 hobgoblins
  3 kobolds
  5 quokkas
  4 bats
  4 frilled lizards
  3 rats
119 creatures vanquished.

Vanquished Creatures (others)
  506 foxfires
506 creatures vanquished.

Grand Total: 625 creatures vanquished

Notes
Turn   | Place    | Note
-------+----------+-------------------------------------------
     0 | D:1      | funkygono the Gargoyle Fire Elementalist began the quest
                  | for the Orb.
     0 | D:1      | Reached XP level 1. HP: 10/10 MP: 3/3
   291 | D:1      | Reached XP level 2. HP: 15/15 MP: 0/5
   301 | D:1      | Learned a level 2 spell: Scorch
  1282 | D:2      | Reached XP level 3. HP: 19/19 MP: 3/6
  1288 | D:2      | Learned a level 3 spell: Conjure Flame
  1850 | D:2      | You fall into a shaft and drop 1 floor!
  1930 | D:3      | Reached skill level 4 in Fire Magic
  1930 | D:3      | Reached XP level 4. HP: 24/24 MP: 4/8
  2432 | D:3      | Noticed Terence
  2476 | D:3      | Killed Terence
  2477 | D:3      | Reached XP level 5. HP: 23/28 MP: 0/9
  2911 | D:3      | Noticed a necrophage
  2921 | D:3      | Killed a necrophage
  3037 | D:3      | Reached XP level 6. HP: 32/32 MP: 8/11
  3869 | D:3      | Learned a level 4 spell: Flame Wave
  3916 | D:4      | Found Zanaitoj's Magic Scroll Shoppe.
  3984 | D:4      | Reached skill level 5 in Fire Magic
  4555 | D:4      | Found a shimmering altar of Xom.
  4852 | D:5      | Entered Level 5 of the Dungeon
  4882 | D:5      | Noticed an ice beast
  4894 | D:5      | Killed an ice beast
  4895 | D:5      | Reached XP level 7. HP: 24/36 MP: 1/13
  5064 | D:5      | Noticed Prince Ribbit
  5071 | D:5      | Killed Prince Ribbit
  5072 | D:5      | Reached skill level 5 in Spellcasting
  5072 | D:5      | Reached skill level 6 in Fire Magic
  5380 | D:5      | Reached XP level 8. HP: 41/41 MP: 8/15
  6412 | D:6      | Reached skill level 5 in Conjurations
  6412 | D:6      | Reached skill level 7 in Fire Magic
  6587 | D:6      | Found Hibed's Book Shop.
  6812 | D:6      | Noticed Blork the orc
  6816 | D:6      | Killed Blork the orc
  7032 | D:7      | Found a staircase to the Ecumenical Temple.
  7039 | Temple   | Entered the Ecumenical Temple
  7049 | Temple   | Became a worshipper of Vehumet
  7337 | D:7      | Reached XP level 9. HP: 45/45 MP: 16/19
  7522 | D:7      | Reached skill level 8 in Fire Magic
  7788 | D:7      | Slain by a wight

Illustrated notes

Levels and vault maps discovered:
D:1:      nzn_arrival_crosshair, layout_basic,
          nicolae_concentric_dashed_squares_mild
D:2:      layout_basic
D:3:      layout_loops_corners, lemuel_old_faithful, uniq_terence
D:4:      layout_basic, lemuel_coloured_pillars_altar, serial_shops, shop,
          serial_glass, glass_columns_a, glass_columns_a
D:5:      layout_basic, minmay_starry_boxes, uniq_prince_ribbit1
D:6:      layout_cave_pools, serial_shops, nicolae_shop_hallway_plus,
          uniq_blork_the_orc
D:7:      layout_basic, minmay_temple_entry_arrows,
          hangedman_abyss_or_decor_jellyfish_corner
Temple:   nicolae_temple_the_god_donut

Skill      XL: |  1  2  3  4  5  6  7  8  9 |
---------------+----------------------------+-----
Fire Magic     | 4 5 6 7 8 |  8.1
Conjurations   | 2 3 4 5 6 |  6.0
Spellcasting   | 3 4 5 6 7 |  7.5
Dodging        | |  1.7
Stealth        | |  2.1

Action                   |  1- 3 |  4- 6 |  7- 9 || total
-------------------------+-------+-------+-------++-------
Melee: Flail             |       |     1 |       ||     1
 Cast: Foxfire           |    50 |   113 |   139 ||   302
       Scorch            |     6 |    11 |    25 ||    42
  Use: Scroll            |       |    12 |     5 ||    17
Armor: Robe              |     2 |     4 |    21 ||    27
Dodge: Dodged            |     3 |    11 |    15 ||    29
